 Dungeon Crawl Stone Soup version 0.28.0-45-g0d030f2227 (webtiles) character file.

Game seed: 15476371006268339205

124 Zeor the Twirler (level 5, -2/32 HPs)
             Began as a Gargoyle Gladiator on Apr 8, 2022.
             Slain by Duvessa
             ... wielding a +2 short sword of venom
              (3 damage)
             ... on level 4 of the Dungeon.
             The game lasted 00:12:13 (2932 turns).

Zeor the Twirler (Gargoyle Gladiator)               Turns: 2932, Time: 00:12:14

Health: -2/32      AC: 17    Str: 19    XL:     5   Next: 8%
Magic:  5/5        EV:  6    Int:  9    God:
Gold:   155        SH:  0    Dex: 11    Spells: 4/4 levels left

rFire   . . .      SeeInvis .   a - +0 quarterstaff
rCold   . . .      Faith    .   (shield currently unavailable)
rNeg    + . .      Spirit   .   l - +0 plate armour
rPois   ∞          Reflect  .   c - +0 helmet
rElec   +          Harm     .   (no cloak)
rCorr   .          Rampage  .   k - +0 pair of gloves
Will    .....                   (no boots)
Stlth   ..........              (no amulet)
HPRegen 0.10/turn               (no ring)
MPRegen 0.09/turn               (no ring)

@: no status effects
A: sickness immunity, AC +4, negative energy resistance 1, electricity
resistance, torment resistance 1, petrification resistance
a: no special abilities


You were on level 4 of the Dungeon.
You visited 1 branch of the dungeon, and saw 4 of its levels.

You collected 155 gold pieces.

Inventory:

Hand Weapons
 a - a +0 quarterstaff (weapon)
Missiles
 d - 3 throwing nets (quivered)
 g - 78 arrows
 h - 19 bolts
 i - 4 poisoned darts
Armour
 c - a +0 helmet (worn)
 k - a +0 pair of gloves (worn)
 l - a +0 plate armour (worn)
Scrolls
 b - a scroll of fog
Potions
 e - 2 potions of brilliance
 f - a potion of flight


   Skills:
 * Level 3.2 Fighting
 + Level 4.1 Staves
 + Level 1.8 Throwing
 * Level 2.1 Armour
 + Level 2.8 Dodging
 + Level 0.2 Stealth


You had 4 spell levels left.
You didn't know any spells.
Your spell library contained the following spells:

 Spells                   Type           Power      Damage    Failure   Level
 Sting                    Tmut/Pois      0%         1d3       100%        1
 Poisonous Vapours        Pois/Air       0%         N/A       100%        2
 Olgreb's Toxic Radiance  Pois           0%         N/A       100%        4


Dungeon Overview and Level Annotations

Branches:
Dungeon (4/15)
 Temple: D:4-7

Altars:
Kikubaaqudgha
Vehumet

Annotations:
D:4 Dowan, Duvessa, Edmund, Pikel


Innate Abilities, Weirdness & Mutations

You are immune to sickness and miasma.
Your stone body is resilient. (AC +4)
You are immune to poison.
You resist negative energy. (rN+)
You are resistant to electric shocks. (rElec)
You are resistant to unholy torment.
You are immune to petrification.


Message History

You hit Duvessa.
Duvessa is lightly wounded.
Duvessa hits you but does no damage. x2
You hit Duvessa.
Duvessa is moderately wounded.
Duvessa barely misses you.
You hit Duvessa.
Duvessa is moderately wounded.
Duvessa hits you with a +2 short sword of venom.
* * * LOW HITPOINT WARNING * * *
Duvessa hits you but does no damage.
You hit Duvessa.
Duvessa is heavily wounded.
Duvessa barely misses you.
You hit Duvessa.
Duvessa is severely wounded.
Duvessa hits you with a +2 short sword of venom.
* * * LOW HITPOINT WARNING * * *
Duvessa hits you but does no damage.
You hit Duvessa but do no damage.
Duvessa is severely wounded.
Duvessa hits you but does no damage. x2
You hit Duvessa.
Duvessa is severely wounded.
Duvessa hits you but does no damage. x2
You hit Duvessa.
Duvessa is severely wounded.
Duvessa hits you but does no damage.
You hit Duvessa.
Duvessa is almost dead.
Duvessa hits you but does no damage.
Duvessa hits you with a +2 short sword of venom!
* * * LOW HITPOINT WARNING * * *
You hit Duvessa.
Duvessa is almost dead.
Duvessa hits you but does no damage.
You barely miss Duvessa.
Duvessa is almost dead.
Duvessa hits you with a +2 short sword of venom.
You die...

▒∙ ▒▒ ▒∙▒ ∙▒▒ ▒▒∙▒▒▒▒▒∙∙
▒∙∙∙∙▒▒∙∙ ▒∙∙∙∙▒▒∙▒
▒∙∙∙∙▒▒∙▒▒ ∙ ▒∙∙∙∙∙∙∙∙▒ ∙∙
▒▒∙∙∙∙∙∙∙▒ ∙∙∙
▒▒▒▒▒▒▒▒▒▒▒∙∙∙∙∙9e▒▒▒▒▒▒ ∙∙▒
∙∙∙∙∙∙∙∙∙∙∙∙▒▒▒▒▒▒∙∙∙∙∙▒ ∙∙∙▒
∙∙∙∙∙∙▒▒▒▒▒▒∙∙∙∙∙∙∙∙∙∙∙▒∙∙∙∙▒
▒▒▒▒∙∙∙∙∙∙∙∙∙∙∙∙∙∙∙∙∙∙∙'∙∙∙∙■
∙▒▒∙∙∙∙▒▒▒▒▒∙^∙∙∙∙∙∙∙∙∙▒∙∙∙∙▒
∙∙∙∙⌠∙▒▒ ▒∙∙∙∙∙∙∙∙∙∙∙▒ ▒∙∙▒
≈∙∙∙∙∙▒ ▒▒▒▒▒▒▒∙∙∙∙∙▒ ∙▒
≈∙∙∙∙∙▒ ▒▒▒▒▒▒▒ ≈≈≈≈∙∙▒


You could see Duvessa (fast).

Vanquished Creatures
  A centaur skeleton (D:3)
  4 adders
  2 dart slugs
  8 ball pythons
  6 bats
  4 endoplasms
  4 giant cockroaches
  5 goblins
  3 hobgoblins
  4 jackals
  3 quokkas
  A frilled lizard (D:1)
  4 kobolds
  A quokka skeleton (D:4)
  2 rats
52 creatures vanquished.

Notes
Turn   | Place    | Note
-------+----------+-------------------------------------------
     0 | D:1      | Zeor the Gargoyle Gladiator began the quest for the Orb.
     0 | D:1      | Reached XP level 1. HP: 12/12 MP: 1/1
    76 | D:1      | Reached XP level 2. HP: 17/17 MP: 2/2
   983 | D:2      | Reached skill level 1 in Armour
   983 | D:2      | Reached XP level 3. HP: 20/22 MP: 3/3
  2073 | D:3      | Reached XP level 4. HP: 17/28 MP: 4/4
  2363 | D:3      | Found a radiant altar of Vehumet.
  2714 | D:4      | Noticed Edmund
  2714 | D:4      | Noticed Pikel
  2714 | D:4      | Noticed a lemure
  2714 | D:4      | Noticed a lemure
  2714 | D:4      | Noticed a lemure
  2714 | D:4      | Noticed a lemure
  2770 | D:4      | Reached skill level 4 in Staves
  2843 | D:4      | Reached XP level 5. HP: 32/32 MP: 5/5
  2849 | D:4      | Found an ancient bone altar of Kikubaaqudgha.
  2906 | D:4      | Noticed Duvessa
  2906 | D:4      | Noticed Dowan
  2930 | D:4      | HP: 1/32 [Duvessa/+2 short sword of venom (7)]
  2932 | D:4      | Slain by Duvessa

Illustrated notes

Levels and vault maps discovered:
D:1:      erik_arrival_cave_to_civilisation [erik_arrival_cave_to_hall],
          layout_basic, minmay_stone_trees_small
D:2:      layout_loops_ring
D:3:      layout_loops_ring, nicolae_overflow_crystal_walls
D:4:      cheibrodos_pilgrimage, layout_basic, kiku_gazebo_pond_becter,
          minmay_hollow_rounded_squares, uniq_edmund, uniq_pikel, uniq_duvessa

Skill      XL: |  1  2  3  4 |
---------------+-------------+-----
Armour         | 1 2 |  2.1
Fighting       | 3 |  3.2
Staves         | 4 |  4.1
Throwing       | |  1.8
Dodging        | |  2.8
Stealth        | |  0.2

Action                   |  1- 3 |  4- 6 || total
-------------------------+-------+-------++-------
Melee: Quarterstaff      |   116 |    61 ||   177
  Use: Scroll            |     3 |     2 ||     5
       Potion            |       |     2 ||     2
 Stab: Sleeping          |     2 |       ||     2
Armor: Leather armour    |    37 |     9 ||    46
       Plate armour      |       |    24 ||    24
Dodge: Dodged            |    86 |    31 ||   117
